3229 views
Uploaded 2019-12-01 20:43:58
Game version 1.32.0.2 / 1.32.0.2.1
26:28 long 4on4 ladder game on (8)Feralas_LV
Saved by BEARAND
3229 views
Uploaded 2019-12-01 20:43:58
Game version 1.32.0.2 / 1.32.0.2.1
26:28 long 4on4 ladder game on (8)Feralas_LV


98 units @ 7.9k
/ 0.1k
340 buildings @ 20.7k
/ 11.8k



x1)
| Staff of Sanctuary | 3 | 750 |
| Staff of Teleportation | 3 | 450 |
| Boots of Speed | 3 | 750 |
| Tome of Retraining | 1 | 300 |
| Periapt of Vitality | 1 | 325 |
| Healing Salve | 1 | 100 |
| Orb of Lightning | 3 | 1125 |
| total: | 15 | 3800g |
| Peasant | 21 | 1575 | / | 0 |
| Priest | 1 | 135 | / | 10 |
| total: | 22 | 1710g | / | 10w |
| Scout Tower | 96 | 2880 | / | 1920 |
| Arcane Tower | 6 | 420 | / | 300 |
| Guard Tower | 22 | 1540 | / | 1100 |
| Altar of Kings | 1 | 180 | / | 50 |
| Farm | 6 | 480 | / | 120 |
| Lumber Mill | 1 | 120 | / | 0 |
| Town Hall | 1 | 385 | / | 205 |
| Arcane Vault | 3 | 390 | / | 90 |
| Arcane Sanctum | 1 | 150 | / | 140 |
| Keep | 1 | 320 | / | 210 |
| Castle | 1 | 360 | / | 210 |
| total: | 109 | 4585g | / | 2525w |
| 0:38 | Peasant |
| 0:38 | Peasant |
| 0:42 | Altar of Kings |
| 0:46 | Farm |
| 0:49 | Peasant |
| 0:49 | Peasant |
| 1:04 | Peasant |
| 1:10 | Lumber Mill |
| 1:22 | Peasant |
| 1:33 | Farm |
| 1:35 | Farm |
| 1:38 | Scout Tower |
| 1:43 | Peasant |
| 1:43 | Peasant |
| 1:55 | Peasant |
| 2:03 | Peasant |
| 2:05 | Arcane Tower |
| 2:09 | Scout Tower |
| 2:25 | Scout Tower |
| 2:27 | Peasant |
| 2:37 | Guard Tower |
| 2:40 | Summon Water Elemental |
| 3:02 | Guard Tower |
| 3:03 | Scout Tower |
| 3:28 | Guard Tower |
| 3:36 | Scout Tower |
| 3:58 | Brilliance Aura |
| 4:04 | Guard Tower |
| 4:06 | Scout Tower |
| 4:06 | Scout Tower |
| 4:08 | Peasant |
| 4:09 | Peasant |
| 4:09 | Peasant |
| 4:09 | Peasant |
| 4:31 | Scout Tower |
| 4:31 | Scout Tower |
| 4:34 | Staff of Teleportation |
| 4:34 | Boots of Speed |
| 5:10 | Arcane Tower |
| 5:10 | Guard Tower |
| 5:11 | Keep |
| 5:14 | Guard Tower |
| 5:16 | Scout Tower |
| 5:24 | Staff of Teleportation |
| 6:01 | Healing Salve |
| 6:23 | Farm |
| 6:24 | Farm |
| 6:26 | Farm |
| 6:48 | Brilliance Aura |
| 7:04 | Town Hall |
| 7:11 | Scout Tower |
| 7:11 | Scout Tower |
| 7:12 | Scout Tower |
| 7:13 | Scout Tower |
| 7:48 | Arcane Tower |
| 7:49 | Guard Tower |
| 8:30 | Storm Bolt |
| 8:50 | Castle |
| 9:09 | Arcane Vault |
| 9:09 | Arcane Vault |
| 9:10 | Arcane Vault |
| 9:13 | Improved Masonry |
| 9:15 | Scout Tower |
| 9:15 | Scout Tower |
| 9:16 | Scout Tower |
| 9:17 | Scout Tower |
| 9:17 | Scout Tower |
| 9:18 | Scout Tower |
| 9:18 | Scout Tower |
| 9:19 | Scout Tower |
| 9:21 | Guard Tower |
| 9:23 | Scout Tower |
| 9:24 | Scout Tower |
| 9:27 | Peasant |
| 9:27 | Peasant |
| 9:28 | Peasant |
| 9:28 | Peasant |
| 9:41 | Scout Tower |
| 9:41 | Scout Tower |
| 9:43 | Scout Tower |
| 9:43 | Scout Tower |
| 10:19 | Guard Tower |
| 10:34 | Guard Tower |
| 10:39 | Peasant |
| 10:39 | Peasant |
| 10:48 | Arcane Tower |
| 10:52 | Guard Tower |
| 11:05 | Guard Tower |
| 11:11 | Staff of Sanctuary |
| 11:19 | Staff of Sanctuary |
| 11:27 | Guard Tower |
| 11:34 | Guard Tower |
| 12:13 | Summon Water Elemental |
| 12:15 | Bash |
| 12:25 | Holy Light |
| 13:31 | Advanced Masonry |
| 13:33 | Arcane Sanctum |
| 13:35 | Scout Tower |
| 13:35 | Scout Tower |
| 13:36 | Scout Tower |
| 13:37 | Scout Tower |
| 13:37 | Scout Tower |
| 13:38 | Scout Tower |
| 13:39 | Scout Tower |
| 13:40 | Scout Tower |
| 13:43 | Guard Tower |
| 13:46 | Scout Tower |
| 13:47 | Scout Tower |
| 13:48 | Scout Tower |
| 13:50 | Scout Tower |
| 13:50 | Scout Tower |
| 13:51 | Scout Tower |
| 13:56 | Scout Tower |
| 14:03 | Boots of Speed |
| 14:25 | Arcane Tower |
| 14:39 | Tome of Retraining |
| 14:39 | Retrain Hero |
| 14:42 | Periapt of Vitality |
| 14:46 | Brilliance Aura |
| 14:46 | Brilliance Aura |
| 14:47 | Blizzard |
| 14:47 | Blizzard |
| 14:55 | Orb of Lightning |
| 14:59 | Staff of Sanctuary |
| 15:53 | Arcane Tower |
| 15:57 | Boots of Speed |
| 16:36 | Magic Sentry |
| 17:16 | Orb of Lightning |
| 17:32 | Improved Lumber Harvesting |
| 17:32 | Imbued Masonry |
| 17:39 | Staff of Teleportation |
| 17:48 | Guard Tower |
| 17:58 | Priest |
| 17:58 | Priest Adept Training |
| 18:56 | Storm Bolt |
| 19:26 | Divine Shield |
| 19:28 | Orb of Lightning |
| 20:34 | Advanced Lumber Harvesting |
| 20:47 | Scout Tower |
| 20:47 | Scout Tower |
| 20:48 | Scout Tower |
| 20:48 | Scout Tower |
| 20:49 | Scout Tower |
| 20:50 | Scout Tower |
| 20:51 | Scout Tower |
| 22:08 | Guard Tower |
| 22:15 | Scout Tower |
| 22:17 | Scout Tower |
| 22:17 | Scout Tower |
| 22:19 | Scout Tower |
| 22:19 | Scout Tower |
| 22:20 | Scout Tower |
| 22:21 | Scout Tower |
| 22:31 | Scout Tower |
| 22:32 | Scout Tower |
| 22:33 | Scout Tower |
| 22:35 | Scout Tower |
| 22:59 | Scout Tower |
| 23:00 | Scout Tower |
| 23:01 | Scout Tower |
| 23:02 | Scout Tower |
| 23:09 | Scout Tower |
| 23:10 | Scout Tower |
| 23:28 | Guard Tower |
| 23:50 | Guard Tower |
| 23:52 | Guard Tower |
| 24:12 | Guard Tower |
| 25:12 | Holy Light |
| 25:25 | Guard Tower |
| 25:29 | Scout Tower |
| 25:30 | Scout Tower |
| 25:32 | Scout Tower |
| 25:32 | Scout Tower |
| 25:33 | Scout Tower |
| 25:34 | Scout Tower |
| 25:34 | Scout Tower |
| 25:35 | Scout Tower |
| 25:35 | Scout Tower |
| 25:36 | Scout Tower |
| 25:37 | Scout Tower |
| 25:37 | Scout Tower |
| 25:38 | Scout Tower |
| 25:41 | Scout Tower |
| 25:43 | Scout Tower |
| 25:44 | Scout Tower |
| 25:48 | Scout Tower |
| 25:51 | Scout Tower |
| 25:52 | Scout Tower |
| 25:53 | Scout Tower |
| 25:54 | Scout Tower |
| 25:54 | Scout Tower |
| 25:55 | Scout Tower |
| 25:56 | Scout Tower |
| 25:56 | Scout Tower |
| 25:57 | Scout Tower |
| 25:58 | Scout Tower |
| 25:59 | Scout Tower |
| 26:00 | Scout Tower |
| 26:13 | Brilliance Aura |
| 26:14 | Bash |
| Right click | 1431 |
| Select group | 1118 |
| Select | 290 |
| Build/train/purchase | 151 |
| Misc. action | 100 |
| Use ability | 98 |
| Chat | 12 |
| Assign group | 11 |
| Item give/drop | 10 |
| Minimap ping | 7 |
| Esc | 3 |
BEARAND
(26:51) : 


x1)
| Scroll of Regeneration | 1 | 100 |
| Lesser Clarity Potion | 1 | 70 |
| Staff of Sanctuary | 3 | 750 |
| Orb of Fire | 1 | 325 |
| Boots of Speed | 4 | 1000 |
| Staff of Teleportation | 4 | 600 |
| Tome of Retraining | 1 | 300 |
| Periapt of Vitality | 1 | 325 |
| Healing Salve | 1 | 100 |
| Orb of Lightning | 2 | 750 |
| total: | 19 | 4320g |
| Peasant | 18 | 1350 | / | 0 |
| Spell Breaker | 1 | 215 | / | 30 |
| Priest | 1 | 135 | / | 10 |
| total: | 20 | 1700g | / | 40w |
| Scout Tower | 73 | 2190 | / | 1460 |
| Arcane Tower | 9 | 630 | / | 450 |
| Guard Tower | 18 | 1260 | / | 900 |
| Altar of Kings | 1 | 180 | / | 50 |
| Farm | 7 | 560 | / | 140 |
| Lumber Mill | 1 | 120 | / | 0 |
| Town Hall | 2 | 770 | / | 410 |
| Arcane Vault | 2 | 260 | / | 60 |
| Barracks | 1 | 160 | / | 60 |
| Arcane Sanctum | 2 | 300 | / | 280 |
| Keep | 1 | 320 | / | 210 |
| Castle | 1 | 360 | / | 210 |
| total: | 89 | 4540g | / | 2460w |
| 0:32 | Peasant |
| 0:32 | Peasant |
| 0:38 | Altar of Kings |
| 0:44 | Peasant |
| 0:48 | Farm |
| 0:58 | Peasant |
| 1:08 | Lumber Mill |
| 1:10 | Peasant |
| 1:18 | Farm |
| 1:34 | Peasant |
| 1:42 | Peasant |
| 1:51 | Scout Tower |
| 1:59 | Scout Tower |
| 2:02 | Peasant |
| 2:11 | Peasant |
| 2:19 | Scout Tower |
| 2:20 | Arcane Tower |
| 2:35 | Peasant |
| 2:37 | Summon Water Elemental |
| 2:44 | Guard Tower |
| 2:46 | Scout Tower |
| 2:54 | Guard Tower |
| 2:57 | Scout Tower |
| 3:11 | Peasant |
| 3:11 | Peasant |
| 3:11 | Peasant |
| 3:12 | Peasant |
| 3:30 | Guard Tower |
| 4:17 | Guard Tower |
| 4:19 | Scout Tower |
| 5:05 | Scout Tower |
| 5:06 | Keep |
| 5:07 | Scout Tower |
| 5:08 | Scout Tower |
| 5:15 | Scout Tower |
| 5:16 | Scout Tower |
| 5:16 | Scout Tower |
| 5:17 | Scout Tower |
| 5:18 | Scout Tower |
| 5:18 | Scout Tower |
| 5:18 | Scout Tower |
| 5:19 | Scout Tower |
| 5:22 | Brilliance Aura |
| 5:38 | Scroll of Regeneration |
| 5:39 | Lesser Clarity Potion |
| 5:43 | Guard Tower |
| 5:46 | Farm |
| 5:47 | Farm |
| 6:11 | Guard Tower |
| 6:11 | Guard Tower |
| 6:17 | Town Hall |
| 6:19 | Improved Masonry |
| 7:18 | Guard Tower |
| 7:18 | Scout Tower |
| 7:41 | Castle |
| 8:10 | Guard Tower |
| 8:12 | Scout Tower |
| 8:13 | Scout Tower |
| 8:13 | Scout Tower |
| 8:14 | Scout Tower |
| 8:14 | Scout Tower |
| 8:15 | Scout Tower |
| 8:16 | Scout Tower |
| 8:19 | Scout Tower |
| 8:20 | Scout Tower |
| 8:20 | Scout Tower |
| 8:21 | Scout Tower |
| 8:21 | Scout Tower |
| 8:22 | Scout Tower |
| 8:30 | Storm Bolt |
| 8:47 | Arcane Tower |
| 8:50 | Arcane Sanctum |
| 8:52 | Healing Salve |
| 9:21 | Peasant |
| 9:21 | Peasant |
| 9:21 | Peasant |
| 9:22 | Peasant |
| 9:52 | Boots of Speed |
| 9:52 | Staff of Teleportation |
| 9:53 | Staff of Teleportation |
| 10:31 | Tome of Retraining |
| 10:31 | Retrain Hero |
| 10:33 | Blizzard |
| 10:33 | Brilliance Aura |
| 10:33 | Blizzard |
| 10:47 | Periapt of Vitality |
| 11:02 | Boots of Speed |
| 11:03 | Boots of Speed |
| 11:48 | Bash |
| 11:51 | Guard Tower |
| 11:52 | Arcane Sanctum |
| 11:53 | Arcane Vault |
| 11:55 | Holy Light |
| 12:37 | Guard Tower |
| 12:39 | Scout Tower |
| 12:40 | Scout Tower |
| 12:40 | Scout Tower |
| 12:42 | Scout Tower |
| 12:42 | Scout Tower |
| 12:43 | Scout Tower |
| 12:43 | Scout Tower |
| 12:44 | Scout Tower |
| 12:45 | Scout Tower |
| 12:53 | Arcane Vault |
| 13:07 | Boots of Speed |
| 13:07 | Staff of Teleportation |
| 13:33 | Guard Tower |
| 14:43 | Staff of Sanctuary |
| 14:44 | Orb of Fire |
| 14:56 | Guard Tower |
| 15:01 | Advanced Masonry |
| 15:01 | Improved Lumber Harvesting |
| 16:30 | Orb of Lightning |
| 16:38 | Magic Sentry |
| 17:10 | Guard Tower |
| 17:20 | Staff of Teleportation |
| 17:47 | Staff of Sanctuary |
| 18:36 | Orb of Lightning |
| 19:19 | Divine Shield |
| 20:34 | Staff of Sanctuary |
| 20:58 | Scout Tower |
| 20:58 | Scout Tower |
| 20:58 | Scout Tower |
| 20:59 | Scout Tower |
| 21:03 | Barracks |
| 21:06 | Farm |
| 21:08 | Farm |
| 21:13 | Farm |
| 21:21 | Scout Tower |
| 21:22 | Scout Tower |
| 21:22 | Scout Tower |
| 21:23 | Scout Tower |
| 21:34 | Spell Breaker |
| 21:35 | Priest |
| 21:37 | Priest Adept Training |
| 22:42 | Arcane Tower |
| 22:43 | Arcane Tower |
| 22:43 | Guard Tower |
| 22:45 | Arcane Tower |
| 22:46 | Arcane Tower |
| 22:54 | Town Hall |
| 22:57 | Scout Tower |
| 22:58 | Scout Tower |
| 22:58 | Scout Tower |
| 22:59 | Scout Tower |
| 23:00 | Scout Tower |
| 23:00 | Scout Tower |
| 23:02 | Scout Tower |
| 23:02 | Scout Tower |
| 23:03 | Scout Tower |
| 23:04 | Scout Tower |
| 23:04 | Scout Tower |
| 23:05 | Scout Tower |
| 23:11 | Guard Tower |
| 23:33 | Guard Tower |
| 24:38 | Brilliance Aura |
| 25:04 | Imbued Masonry |
| 25:05 | Advanced Lumber Harvesting |
| 25:15 | Scout Tower |
| 25:16 | Scout Tower |
| 25:17 | Scout Tower |
| 25:17 | Scout Tower |
| 25:18 | Scout Tower |
| 25:18 | Scout Tower |
| 25:19 | Scout Tower |
| 25:20 | Scout Tower |
| 25:20 | Scout Tower |
| 25:20 | Scout Tower |
| 25:21 | Scout Tower |
| 25:22 | Scout Tower |
| 25:22 | Scout Tower |
| 26:08 | Storm Bolt |
| 26:12 | Guard Tower |
| Right click | 2593 |
| Select | 654 |
| Select group | 358 |
| Build/train/purchase | 191 |
| Use ability | 78 |
| Chat | 70 |
| Minimap ping | 33 |
| Assign group | 30 |
| Misc. action | 10 |
| Resource trade | 5 |
| Item give/drop | 1 |



| Healing Salve | 2 | 200 |
| Lesser Clarity Potion | 1 | 70 |
| Orb of Lightning | 1 | 375 |
| Scroll of Town Portal | 2 | 700 |
| Boots of Speed | 3 | 750 |
| Staff of Teleportation | 3 | 450 |
| Circlet of Nobility | 1 | 175 |
| Staff of Sanctuary | 3 | 750 |
| total: | 16 | 3470g |
| Peon | 22 | 1650 | / | 0 |
| Troll Witch Doctor | 3 | 435 | / | 75 |
| total: | 25 | 2085g | / | 75w |
| Watch Tower | 50 | 5500 | / | 4000 |
| Altar of Storms | 3 | 540 | / | 150 |
| Orc Burrow | 4 | 640 | / | 160 |
| War Mill | 1 | 205 | / | 0 |
| Voodoo Lounge | 4 | 520 | / | 120 |
| Great Hall | 2 | 770 | / | 370 |
| Spirit Lodge | 1 | 150 | / | 150 |
| Stronghold | 1 | 315 | / | 190 |
| Fortress | 1 | 325 | / | 190 |
| total: | 65 | 8325g | / | 4950w |
| 0:30 | Peon |
| 0:34 | Altar of Storms |
| 0:38 | Peon |
| 0:46 | Orc Burrow |
| 0:49 | Peon |
| 1:02 | Peon |
| 1:13 | War Mill |
| 1:17 | Peon |
| 1:32 | Voodoo Lounge |
| 1:42 | Peon |
| 1:52 | Peon |
| 2:08 | Peon |
| 2:25 | Orc Burrow |
| 2:27 | Watch Tower |
| 2:37 | Shockwave |
| 2:40 | Peon |
| 2:42 | Peon |
| 2:55 | Watch Tower |
| 3:08 | Peon |
| 3:29 | Watch Tower |
| 3:57 | Watch Tower |
| 4:18 | Watch Tower |
| 4:19 | Peon |
| 4:19 | Peon |
| 4:23 | Watch Tower |
| 4:34 | Watch Tower |
| 5:09 | Watch Tower |
| 5:16 | Peon |
| 5:16 | Peon |
| 5:40 | Great Hall |
| 5:48 | Watch Tower |
| 6:23 | Voodoo Lounge |
| 6:27 | Voodoo Lounge |
| 6:51 | Stronghold |
| 6:53 | Watch Tower |
| 6:59 | Watch Tower |
| 7:17 | Boots of Speed |
| 7:22 | Endurance Aura |
| 7:26 | Staff of Teleportation |
| 8:28 | Voodoo Lounge |
| 8:32 | Watch Tower |
| 8:35 | Peon |
| 8:35 | Peon |
| 8:35 | Peon |
| 8:35 | Peon |
| 8:44 | Watch Tower |
| 8:55 | Watch Tower |
| 9:13 | Fortress |
| 9:33 | Frost Arrows |
| 9:39 | Watch Tower |
| 9:41 | Peon |
| 9:41 | Peon |
| 9:41 | Peon |
| 9:46 | Spiked Barricades |
| 9:53 | Watch Tower |
| 9:56 | Healing Salve |
| 9:58 | Lesser Clarity Potion |
| 10:18 | Boots of Speed |
| 10:19 | Staff of Teleportation |
| 11:05 | Watch Tower |
| 11:09 | Altar of Storms |
| 11:17 | Watch Tower |
| 11:18 | Watch Tower |
| 12:01 | Reinforced Defenses |
| 12:22 | Watch Tower |
| 12:24 | Watch Tower |
| 12:26 | Watch Tower |
| 12:38 | Shockwave |
| 12:51 | Soul Burn |
| 13:20 | Forked Lightning |
| 13:23 | Watch Tower |
| 13:27 | Orc Burrow |
| 13:29 | Watch Tower |
| 13:30 | Watch Tower |
| 13:43 | Improved Spiked Barricades |
| 14:23 | Watch Tower |
| 14:37 | Scroll of Town Portal |
| 14:37 | Healing Salve |
| 14:42 | Orb of Lightning |
| 14:47 | Watch Tower |
| 14:51 | Watch Tower |
| 15:01 | Watch Tower |
| 15:07 | Boots of Speed |
| 15:09 | Staff of Teleportation |
| 16:05 | Incinerate |
| 16:15 | Staff of Sanctuary |
| 16:24 | Watch Tower |
| 16:26 | Watch Tower |
| 16:32 | Watch Tower |
| 16:35 | Watch Tower |
| 16:41 | Spirit Lodge |
| 16:59 | Altar of Storms |
| 17:06 | Scroll of Town Portal |
| 17:29 | Watch Tower |
| 17:53 | Watch Tower |
| 18:13 | Witch Doctor Adept Training |
| 18:46 | Watch Tower |
| 19:46 | Watch Tower |
| 19:49 | Watch Tower |
| 19:53 | Watch Tower |
| 20:07 | Great Hall |
| 20:08 | Watch Tower |
| 20:11 | Watch Tower |
| 20:13 | Frost Arrows |
| 20:21 | Orc Burrow |
| 20:23 | Witch Doctor Master Training |
| 20:29 | Staff of Sanctuary |
| 20:46 | Watch Tower |
| 20:53 | Watch Tower |
| 21:04 | Troll Witch Doctor |
| 21:04 | Troll Witch Doctor |
| 21:04 | Troll Witch Doctor |
| 21:06 | Watch Tower |
| 21:12 | Watch Tower |
| 22:06 | Circlet of Nobility |
| 22:09 | Watch Tower |
| 22:50 | Staff of Sanctuary |
| 23:07 | Watch Tower |
| 23:24 | Endurance Aura |
| 23:55 | Watch Tower |
| 25:25 | Soul Burn |
| 25:29 | Watch Tower |
| 26:34 | Watch Tower |
| 26:36 | Pillage |
| Right click | 2025 |
| Select | 560 |
| Select group | 416 |
| Misc. action | 271 |
| Build/train/purchase | 80 |
| Chat | 70 |
| Use ability | 68 |
| Item give/drop | 4 |
| Esc | 4 |
| Assign group | 2 |
| Minimap ping | 2 |

| Scroll of Regeneration | 1 | 100 |
| Potion of Healing | 1 | 150 |
| Lesser Clarity Potion | 3 | 210 |
| Boots of Speed | 1 | 250 |
| Circlet of Nobility | 1 | 175 |
| Staff of Teleportation | 1 | 150 |
| Healing Salve | 1 | 100 |
| total: | 9 | 1135g |
| Peasant | 30 | 2250 | / | 0 |
| Priest | 1 | 135 | / | 10 |
| total: | 31 | 2385g | / | 10w |
| Scout Tower | 69 | 2070 | / | 1380 |
| Arcane Tower | 8 | 560 | / | 400 |
| Guard Tower | 26 | 1820 | / | 1300 |
| Lumber Mill | 1 | 120 | / | 0 |
| Farm | 3 | 240 | / | 60 |
| Altar of Kings | 1 | 180 | / | 50 |
| Arcane Vault | 1 | 130 | / | 30 |
| Town Hall | 1 | 385 | / | 205 |
| Arcane Sanctum | 1 | 150 | / | 140 |
| Keep | 1 | 320 | / | 210 |
| Castle | 2 | 720 | / | 420 |
| total: | 77 | 3275g | / | 1865w |
| 0:02 | Peasant |
| 0:33 | Lumber Mill |
| 0:34 | Peasant |
| 0:44 | Farm |
| 0:45 | Peasant |
| 0:54 | Peasant |
| 1:06 | Farm |
| 1:08 | Peasant |
| 1:36 | Altar of Kings |
| 1:42 | Peasant |
| 1:45 | Arcane Vault |
| 1:50 | Peasant |
| 2:00 | Peasant |
| 2:00 | Peasant |
| 2:07 | Scout Tower |
| 2:12 | Scout Tower |
| 2:13 | Peasant |
| 2:22 | Scout Tower |
| 2:34 | Arcane Tower |
| 2:52 | Scout Tower |
| 2:55 | Arcane Tower |
| 3:19 | Black Arrow |
| 3:21 | Scout Tower |
| 3:26 | Peasant |
| 3:26 | Peasant |
| 3:26 | Peasant |
| 3:50 | Guard Tower |
| 3:51 | Scout Tower |
| 3:52 | Scout Tower |
| 4:03 | Improved Masonry |
| 4:30 | Scout Tower |
| 4:30 | Scout Tower |
| 4:31 | Scout Tower |
| 4:33 | Scout Tower |
| 4:34 | Scout Tower |
| 4:34 | Scout Tower |
| 4:43 | Peasant |
| 4:43 | Peasant |
| 4:43 | Guard Tower |
| 4:50 | Guard Tower |
| 4:55 | Arcane Tower |
| 5:50 | Peasant |
| 5:50 | Peasant |
| 5:51 | Scroll of Regeneration |
| 6:29 | Scout Tower |
| 6:30 | Scout Tower |
| 6:31 | Scout Tower |
| 6:35 | Keep |
| 6:43 | Farm |
| 6:59 | Arcane Tower |
| 7:00 | Guard Tower |
| 7:00 | Guard Tower |
| 7:02 | Scout Tower |
| 7:03 | Scout Tower |
| 7:03 | Scout Tower |
| 7:04 | Scout Tower |
| 7:35 | Life Drain |
| 7:41 | Guard Tower |
| 7:44 | Scout Tower |
| 7:44 | Scout Tower |
| 7:46 | Scout Tower |
| 7:48 | Scout Tower |
| 7:50 | Scout Tower |
| 8:00 | Guard Tower |
| 8:01 | Scout Tower |
| 8:31 | Guard Tower |
| 8:32 | Scout Tower |
| 8:33 | Scout Tower |
| 8:34 | Scout Tower |
| 8:34 | Scout Tower |
| 8:35 | Guard Tower |
| 8:51 | Guard Tower |
| 8:53 | Town Hall |
| 9:00 | Advanced Masonry |
| 9:02 | Improved Lumber Harvesting |
| 9:04 | Peasant |
| 9:04 | Peasant |
| 9:09 | Potion of Healing |
| 9:11 | Lesser Clarity Potion |
| 9:14 | Guard Tower |
| 9:16 | Scout Tower |
| 9:16 | Scout Tower |
| 9:17 | Scout Tower |
| 9:47 | Arcane Sanctum |
| 9:53 | Guard Tower |
| 9:55 | Peasant |
| 10:06 | Boots of Speed |
| 10:23 | Guard Tower |
| 10:25 | Scout Tower |
| 10:40 | Guard Tower |
| 10:45 | Scout Tower |
| 10:46 | Scout Tower |
| 10:48 | Peasant |
| 10:49 | Peasant |
| 10:49 | Peasant |
| 11:04 | Scout Tower |
| 11:04 | Guard Tower |
| 11:37 | Life Drain |
| 12:13 | Guard Tower |
| 12:15 | Peasant |
| 12:15 | Peasant |
| 12:15 | Peasant |
| 12:18 | Scout Tower |
| 12:19 | Scout Tower |
| 12:22 | Magic Sentry |
| 12:23 | Castle |
| 12:32 | Scout Tower |
| 12:33 | Scout Tower |
| 14:30 | Guard Tower |
| 14:30 | Guard Tower |
| 14:34 | Guard Tower |
| 14:36 | Peasant |
| 14:38 | Scout Tower |
| 14:39 | Scout Tower |
| 14:43 | Scout Tower |
| 14:43 | Scout Tower |
| 14:44 | Scout Tower |
| 14:44 | Scout Tower |
| 14:45 | Scout Tower |
| 14:45 | Scout Tower |
| 14:50 | Healing Salve |
| 15:00 | Lesser Clarity Potion |
| 15:36 | Guard Tower |
| 16:06 | Black Arrow |
| 16:18 | Lesser Clarity Potion |
| 16:31 | Priest Adept Training |
| 16:31 | Priest |
| 16:39 | Scout Tower |
| 16:40 | Scout Tower |
| 16:40 | Scout Tower |
| 16:41 | Scout Tower |
| 16:42 | Scout Tower |
| 17:10 | Scout Tower |
| 17:11 | Scout Tower |
| 17:25 | Circlet of Nobility |
| 17:33 | Guard Tower |
| 17:35 | Scout Tower |
| 17:35 | Scout Tower |
| 17:48 | Guard Tower |
| 18:16 | Arcane Tower |
| 18:33 | Arcane Tower |
| 18:39 | Guard Tower |
| 18:42 | Scout Tower |
| 18:42 | Scout Tower |
| 18:43 | Scout Tower |
| 19:53 | Staff of Teleportation |
| 20:11 | Arcane Tower |
| 20:12 | Scout Tower |
| 20:12 | Scout Tower |
| 21:20 | Guard Tower |
| 21:24 | Scout Tower |
| 21:25 | Scout Tower |
| 21:25 | Scout Tower |
| 21:25 | Scout Tower |
| 21:26 | Scout Tower |
| 21:26 | Scout Tower |
| 22:37 | Black Arrow |
| 22:50 | Guard Tower |
| 22:54 | Peasant |
| 22:54 | Peasant |
| 22:54 | Peasant |
| 25:17 | Charm |
| Right click | 1650 |
| Assign group | 471 |
| Select | 452 |
| Select group | 391 |
| Build/train/purchase | 119 |
| Chat | 47 |
| Misc. action | 42 |
| Use ability | 23 |
| Item give/drop | 5 |
| Minimap ping | 3 |
187 units @ 27.2k
/ 3.9k
99 buildings @ 12k
/ 5.2k


| Peasant | 24 | 1800 | / | 0 |
| Footman | 11 | 1485 | / | 0 |
| Rifleman | 7 | 1435 | / | 210 |
| Sorceress | 2 | 310 | / | 40 |
| Knight | 10 | 2450 | / | 600 |
| Priest | 3 | 405 | / | 30 |
| Ogre Mauler | 1 | 300 | / | 0 |
| Mud Golem | 1 | 145 | / | 10 |
| Forest Troll Berserker | 1 | 245 | / | 30 |
| Forest Troll Shadow Priest | 1 | 195 | / | 10 |
| total: | 61 | 8770g | / | 930w |
| Scout Tower | 22 | 660 | / | 440 |
| Arcane Tower | 1 | 70 | / | 50 |
| Guard Tower | 11 | 770 | / | 550 |
| Altar of Kings | 1 | 180 | / | 50 |
| Barracks | 3 | 480 | / | 180 |
| Farm | 10 | 800 | / | 200 |
| Lumber Mill | 1 | 120 | / | 0 |
| Blacksmith | 1 | 140 | / | 60 |
| Town Hall | 2 | 770 | / | 410 |
| Arcane Sanctum | 2 | 300 | / | 280 |
| Keep | 1 | 320 | / | 210 |
| Castle | 1 | 360 | / | 210 |
| total: | 42 | 3450g | / | 1620w |
| 0:34 | Peasant |
| 0:41 | Altar of Kings |
| 0:42 | Peasant |
| 0:47 | Peasant |
| 0:52 | Peasant |
| 1:01 | Barracks |
| 1:07 | Peasant |
| 1:17 | Farm |
| 1:19 | Peasant |
| 1:37 | Peasant |
| 1:49 | Peasant |
| 2:02 | Farm |
| 2:08 | Footman |
| 2:12 | Peasant |
| 2:15 | Scout Tower |
| 2:28 | Farm |
| 2:30 | Footman |
| 2:46 | Arcane Tower |
| 3:08 | Defend |
| 3:21 | Scout Tower |
| 3:29 | Summon Bear |
| 3:36 | Footman |
| 3:42 | Farm |
| 4:06 | Scout Tower |
| 4:09 | Footman |
| 4:35 | Lumber Mill |
| 4:38 | Footman |
| 4:39 | Footman |
| 4:56 | Farm |
| 5:00 | Footman |
| 5:12 | Peasant |
| 5:12 | Peasant |
| 5:19 | Blacksmith |
| 5:52 | Guard Tower |
| 5:56 | Farm |
| 5:59 | Footman |
| 6:01 | Summon Quilbeast |
| 6:36 | Town Hall |
| 7:12 | Scout Tower |
| 7:22 | Scout Tower |
| 7:22 | Scout Tower |
| 7:23 | Scout Tower |
| 7:23 | Scout Tower |
| 7:24 | Scout Tower |
| 7:41 | Farm |
| 7:44 | Rifleman |
| 7:47 | Keep |
| 7:49 | Guard Tower |
| 7:55 | Scout Tower |
| 8:14 | Summon Bear |
| 8:18 | Rifleman |
| 8:24 | Peasant |
| 8:30 | Improved Masonry |
| 8:32 | Guard Tower |
| 8:43 | Rifleman |
| 8:45 | Black Gunpowder |
| 9:00 | Farm |
| 9:08 | Farm |
| 9:15 | Rifleman |
| 9:44 | Guard Tower |
| 9:52 | Rifleman |
| 10:20 | Improved Lumber Harvesting |
| 10:44 | Peasant |
| 10:44 | Peasant |
| 10:44 | Peasant |
| 10:44 | Peasant |
| 10:44 | Peasant |
| 10:51 | Rifleman |
| 11:05 | Ogre Mauler |
| 11:06 | Mud Golem |
| 11:07 | Forest Troll Berserker |
| 11:08 | Forest Troll Shadow Priest |
| 12:25 | Guard Tower |
| 12:32 | Barracks |
| 12:44 | Advanced Masonry |
| 12:45 | Castle |
| 13:08 | Iron Forged Swords |
| 13:18 | Arcane Sanctum |
| 13:33 | Peasant |
| 13:33 | Peasant |
| 13:33 | Peasant |
| 13:33 | Peasant |
| 13:33 | Peasant |
| 13:33 | Peasant |
| 13:34 | Peasant |
| 13:36 | Imbued Masonry |
| 13:43 | Flying Machine Bombs |
| 13:49 | Rifleman |
| 13:50 | Footman |
| 14:40 | Footman |
| 14:41 | Footman |
| 14:51 | Sorceress Adept Training |
| 15:40 | Sorceress |
| 15:40 | Sorceress |
| 15:46 | Knight |
| 15:46 | Knight |
| 15:59 | Knight |
| 16:07 | Farm |
| 17:03 | Black Arrow |
| 17:18 | Knight |
| 19:48 | Knight |
| 19:48 | Knight |
| 19:50 | Priest Adept Training |
| 19:51 | Priest |
| 19:51 | Priest |
| 20:05 | Scout Tower |
| 20:05 | Scout Tower |
| 20:07 | Scout Tower |
| 20:08 | Scout Tower |
| 20:08 | Scout Tower |
| 20:09 | Scout Tower |
| 20:23 | Barracks |
| 20:32 | Arcane Sanctum |
| 20:35 | Guard Tower |
| 20:37 | Guard Tower |
| 20:49 | Knight |
| 20:53 | Steel Forged Swords |
| 21:01 | Guard Tower |
| 21:02 | Guard Tower |
| 21:08 | Scout Tower |
| 21:09 | Scout Tower |
| 21:12 | Scout Tower |
| 21:13 | Scout Tower |
| 21:14 | Scout Tower |
| 21:14 | Scout Tower |
| 21:25 | Knight |
| 21:29 | Knight |
| 21:44 | Priest |
| 22:05 | Guard Tower |
| 23:00 | Guard Tower |
| 23:05 | Town Hall |
| 23:54 | Summon Quilbeast |
| 24:34 | Knight |
| 24:35 | Animal War Training |
| Right click | 810 |
| Select | 416 |
| Build/train/purchase | 117 |
| Select group | 33 |
| Misc. action | 18 |
| Assign group | 15 |
| Use ability | 11 |
| Remove unit | 1 |


| Healing Salve | 3 | 300 |
| Orb of Lightning | 1 | 375 |
| Scroll of Town Portal | 1 | 350 |
| total: | 5 | 1025g |
| Peon | 17 | 1275 | / | 0 |
| Grunt | 11 | 2200 | / | 0 |
| Troll Headhunter | 5 | 700 | / | 100 |
| Troll Berserker | 7 | 980 | / | 140 |
| Demolisher | 7 | 1540 | / | 350 |
| Siege Engine | 14 | 2730 | / | 840 |
| total: | 61 | 9425g | / | 1430w |
| Watch Tower | 12 | 1320 | / | 960 |
| Altar of Storms | 1 | 180 | / | 50 |
| Orc Burrow | 8 | 1280 | / | 320 |
| Barracks | 2 | 360 | / | 100 |
| Voodoo Lounge | 1 | 130 | / | 30 |
| War Mill | 1 | 205 | / | 0 |
| Great Hall | 1 | 385 | / | 185 |
| Stronghold | 1 | 315 | / | 190 |
| Fortress | 1 | 325 | / | 190 |
| total: | 26 | 3860g | / | 1645w |
| 0:31 | Peon |
| 0:31 | Peon |
| 0:34 | Altar of Storms |
| 0:37 | Orc Burrow |
| 0:48 | Peon |
| 1:06 | Barracks |
| 1:15 | Peon |
| 1:27 | Peon |
| 1:50 | Peon |
| 1:54 | Orc Burrow |
| 2:08 | Grunt |
| 2:14 | Peon |
| 2:36 | Grunt |
| 2:40 | Feral Spirit |
| 2:50 | Voodoo Lounge |
| 4:03 | War Mill |
| 4:04 | Stronghold |
| 4:05 | Grunt |
| 4:18 | Healing Salve |
| 4:34 | Grunt |
| 5:49 | Grunt |
| 5:49 | Grunt |
| 5:51 | Orc Burrow |
| 6:23 | Orc Burrow |
| 6:50 | Barracks |
| 6:52 | Fortress |
| 7:09 | Chain Lighting |
| 7:15 | Troll Headhunter |
| 7:15 | Troll Headhunter |
| 7:22 | Watch Tower |
| 8:14 | Great Hall |
| 8:21 | Watch Tower |
| 8:29 | Troll Regeneration |
| 8:31 | Troll Headhunter |
| 8:33 | Troll Headhunter |
| 8:39 | Feral Spirit |
| 9:23 | Healing Salve |
| 9:46 | Berserker Upgrade |
| 9:49 | Steel Ranged Weapons |
| 9:50 | Reinforced Defenses |
| 9:58 | Watch Tower |
| 10:13 | Endurance Aura |
| 10:17 | Steel Armor |
| 10:20 | Troll Headhunter |
| 10:49 | Peon |
| 10:49 | Peon |
| 10:49 | Peon |
| 10:50 | Peon |
| 11:06 | Watch Tower |
| 11:34 | Troll Berserker |
| 11:54 | Watch Tower |
| 11:56 | Watch Tower |
| 12:02 | Thorium Ranged Weapons |
| 12:05 | Peon |
| 12:05 | Peon |
| 12:52 | Troll Berserker |
| 12:56 | War Stomp |
| 12:57 | Chain Lighting |
| 13:22 | Watch Tower |
| 13:48 | Orc Burrow |
| 13:52 | Orc Burrow |
| 14:56 | Troll Berserker |
| 14:57 | Troll Berserker |
| 14:57 | Troll Berserker |
| 14:57 | Troll Berserker |
| 14:57 | Troll Berserker |
| 14:59 | Orc Burrow |
| 15:00 | Watch Tower |
| 15:03 | Watch Tower |
| 15:29 | Demolisher |
| 15:34 | Burning Oil |
| 15:34 | Demolisher |
| 16:38 | Siege Engine |
| 16:38 | Siege Engine |
| 16:38 | Siege Engine |
| 16:39 | Siege Engine |
| 16:39 | Siege Engine |
| 16:39 | Siege Engine |
| 16:45 | Watch Tower |
| 16:48 | Watch Tower |
| 16:51 | Watch Tower |
| 16:57 | Peon |
| 16:57 | Peon |
| 16:57 | Peon |
| 16:57 | Peon |
| 17:19 | Demolisher |
| 18:00 | Orc Burrow |
| 18:02 | Demolisher |
| 18:02 | Demolisher |
| 18:03 | Demolisher |
| 18:03 | Demolisher |
| 19:50 | Berserker Strength |
| 19:50 | Grunt |
| 20:01 | Healing Salve |
| 20:02 | Scroll of Town Portal |
| 20:24 | Grunt |
| 20:33 | Siege Engine |
| 20:34 | Siege Engine |
| 20:34 | Siege Engine |
| 20:34 | Siege Engine |
| 20:34 | Siege Engine |
| 20:34 | Siege Engine |
| 20:35 | Siege Engine |
| 20:59 | Grunt |
| 21:31 | Thorium Armor |
| 21:34 | Arcanite Ranged Weapons |
| 22:09 | Orb of Lightning |
| 24:07 | Endurance Aura |
| 24:25 | Chain Lighting |
| 25:13 | Grunt |
| 25:29 | Siege Engine |
| 26:20 | Grunt |
| Right click | 579 |
| Select | 408 |
| Build/train/purchase | 135 |
| Select group | 125 |
| Misc. action | 64 |
| Use ability | 26 |
| Assign group | 18 |
| Minimap ping | 18 |
| Remove unit | 6 |
| Item give/drop | 4 |

| Healing Salve | 2 | 200 |
| Lesser Clarity Potion | 1 | 70 |
| Scroll of Speed | 1 | 50 |
| Scroll of Town Portal | 1 | 350 |
| Circlet of Nobility | 1 | 175 |
| total: | 6 | 845g |
| Peon | 9 | 675 | / | 0 |
| Raider | 12 | 2160 | / | 480 |
| Troll Batrider | 8 | 1280 | / | 320 |
| Siege Engine | 1 | 195 | / | 60 |
| Mortar Team | 3 | 540 | / | 210 |
| total: | 33 | 4850g | / | 1070w |
| Altar of Storms | 1 | 180 | / | 50 |
| Orc Burrow | 8 | 1280 | / | 320 |
| Voodoo Lounge | 1 | 130 | / | 30 |
| War Mill | 1 | 205 | / | 0 |
| Beastiary | 3 | 435 | / | 420 |
| Stronghold | 1 | 315 | / | 190 |
| Fortress | 1 | 325 | / | 190 |
| Workshop | 2 | 280 | / | 280 |
| total: | 16 | 2510g | / | 1100w |
| 0:33 | Peon |
| 0:33 | Peon |
| 0:39 | Altar of Storms |
| 0:52 | Orc Burrow |
| 0:55 | Peon |
| 0:57 | Peon |
| 1:19 | Peon |
| 1:35 | Voodoo Lounge |
| 1:51 | Orc Burrow |
| 1:59 | Peon |
| 2:00 | Peon |
| 2:04 | Peon |
| 2:30 | Peon |
| 2:53 | War Mill |
| 2:56 | Healing Salve |
| 3:09 | Stronghold |
| 3:16 | Lesser Clarity Potion |
| 3:23 | Wind Walk |
| 3:37 | Orc Burrow |
| 3:50 | Circlet of Nobility |
| 4:36 | Orc Burrow |
| 5:39 | Beastiary |
| 5:42 | Beastiary |
| 5:47 | Beastiary |
| 6:10 | Orc Burrow |
| 6:16 | Steel Melee Weapons |
| 6:18 | Pillage |
| 6:20 | Steel Armor |
| 6:54 | Raider |
| 6:56 | Raider |
| 7:19 | Ensnare |
| 7:20 | Raider |
| 7:49 | Raider |
| 8:40 | Raider |
| 9:00 | Raider |
| 9:18 | Raider |
| 9:26 | Scroll of Speed |
| 10:01 | Thorium Melee Weapons |
| 10:04 | Raider |
| 11:55 | Raider |
| 11:55 | Raider |
| 12:02 | Critical Strike |
| 12:24 | Raider |
| 12:43 | Critical Strike |
| 12:49 | Raider |
| 13:28 | Scroll of Town Portal |
| 14:57 | Orc Burrow |
| 14:58 | Orc Burrow |
| 15:02 | Orc Burrow |
| 16:58 | Troll Batrider |
| 16:58 | Troll Batrider |
| 16:59 | Troll Batrider |
| 17:04 | Steel Ranged Weapons |
| 17:56 | Workshop |
| 18:01 | Workshop |
| 19:19 | Troll Batrider |
| 19:20 | Troll Batrider |
| 20:10 | Wind Walk |
| 20:16 | Fortress |
| 20:18 | Thorium Ranged Weapons |
| 20:22 | Troll Batrider |
| 20:58 | Troll Batrider |
| 21:23 | Troll Batrider |
| 21:33 | Healing Salve |
| 21:45 | Siege Engine |
| 24:42 | Mortar Team |
| 24:42 | Mortar Team |
| 24:42 | Mortar Team |
| Right click | 847 |
| Select | 249 |
| Build/train/purchase | 71 |
| Use ability | 38 |
| Resource trade | 13 |
| Misc. action | 8 |
| Assign group | 1 |

| Peasant | 14 | 1050 | / | 0 |
| Footman | 7 | 945 | / | 0 |
| Rifleman | 7 | 1435 | / | 210 |
| Mortar Team | 4 | 720 | / | 280 |
| total: | 32 | 4150g | / | 490w |
| Altar of Kings | 1 | 180 | / | 50 |
| Farm | 8 | 640 | / | 160 |
| Barracks | 1 | 160 | / | 60 |
| Blacksmith | 1 | 140 | / | 60 |
| Town Hall | 2 | 770 | / | 410 |
| Lumber Mill | 1 | 120 | / | 0 |
| Workshop | 1 | 140 | / | 140 |
| Keep | 1 | 320 | / | 210 |
| Castle | 1 | 360 | / | 210 |
| total: | 15 | 2150g | / | 880w |
| 0:35 | Peasant |
| 0:35 | Peasant |
| 0:35 | Peasant |
| 0:52 | Altar of Kings |
| 1:07 | Farm |
| 1:16 | Peasant |
| 1:22 | Barracks |
| 1:24 | Peasant |
| 1:37 | Farm |
| 1:39 | Peasant |
| 1:49 | Peasant |
| 2:09 | Farm |
| 2:24 | Footman |
| 2:38 | Footman |
| 2:44 | Farm |
| 2:51 | Blacksmith |
| 3:03 | Summon Water Elemental |
| 3:07 | Footman |
| 3:09 | Peasant |
| 3:10 | Peasant |
| 3:13 | Peasant |
| 3:13 | Peasant |
| 3:44 | Footman |
| 3:45 | Footman |
| 3:48 | Farm |
| 4:26 | Footman |
| 4:36 | Keep |
| 4:44 | Footman |
| 5:11 | Rifleman |
| 5:34 | Farm |
| 5:36 | Blizzard |
| 5:53 | Rifleman |
| 5:57 | Black Gunpowder |
| 6:02 | Farm |
| 6:21 | Rifleman |
| 6:24 | Studded Leather Armor |
| 7:09 | Workshop |
| 7:11 | Castle |
| 7:37 | Brilliance Aura |
| 7:54 | Town Hall |
| 8:20 | Rifleman |
| 8:26 | Town Hall |
| 8:47 | Rifleman |
| 8:49 | Refined Gunpowder |
| 9:19 | Mortar Team |
| 9:33 | Rifleman |
| 9:43 | Fragmentation Shards |
| 9:44 | Mortar Team |
| 9:50 | Reinforced Leather Armor |
| 10:05 | Imbued Gunpowder |
| 10:18 | Lumber Mill |
| 10:52 | Peasant |
| 10:52 | Peasant |
| 10:52 | Peasant |
| 11:02 | Mortar Team |
| 11:10 | Rifleman |
| 11:23 | Improved Lumber Harvesting |
| 11:30 | Farm |
| 11:34 | Mortar Team |
| 12:14 | Blizzard |
| Right click | 158 |
| Select | 157 |
| Build/train/purchase | 53 |
| Misc. action | 31 |
| Chat | 19 |
| Use ability | 6 |
| Item give/drop | 2 |